 Dungeon Crawl Stone Soup version 0.30-a0-381-g6ea064c7b4 (webtiles) character file.

Game seed: 9950460858757498216

32298 Sabo the Cleaver (level 13, 0/156 HPs)
             Began as a Demonspawn Berserker on Nov 30, 2022.
             Was a High Priest of Trog.
             Slain by a caustic shrike zombie (14 damage)
             ... on level 15 of the Dungeon on Dec 1, 2022.
             The game lasted 01:49:45 (20466 turns).

Sabo the Cleaver (Demonspawn Berserker)            Turns: 20466, Time: 01:49:47

Health: 0/156      AC: 22    Str: 23    XL:     13   Next: 30%
Magic:  10/10      EV: 10    Int:  8    God:    Trog [*****.]
Gold:   331        SH: 11    Dex: 22    Spells: 12/12 levels left

rFire   . . .      SeeInvis .    D - +9 broad axe
rCold   + . .      Faith    .    a - +0 buckler
rNeg    . . .      Spirit   .    O - +2 plate armour {rC+}
rPois   .          Reflect  +    V - +1 hat
rElec   .          Harm     .    g - +0 cloak
rCorr   .          Rampage  .    l - +2 pair of gloves {Str+3}
Will    .....                    (no boots)
Stlth   ..........               F - amulet of reflection
HPRegen 0.46/turn                P - +4 ring of slaying
MPRegen 0.12/turn                U - +6 ring of dexterity

@: berserking, very quick
A: claws 2, ignite blood 3, big brain 1, dopey 1, low MP 2
a: Renounce Religion, Berserk, Trog's Hand, Brothers in Arms


You were on level 15 of the Dungeon.
You worshipped Trog.
Trog was extremely pleased with you.
You visited 1 branch of the dungeon, and saw 15 of its levels.
You also visited: Bailey.

You collected 951 gold pieces.
You spent 620 gold pieces at shops.

Inventory:

Hand Weapons
 v - a +6 hand axe of electrocution
 y - a +2 trident of freezing
 D - a +9 broad axe (weapon)
 H - a +4 scimitar of flaming
 J - a +0 shortbow of freezing
 R - a +2 executioner's axe
Missiles
 G - 20 boomerangs (quivered)
 I - 10 poisoned darts
Armour
 a - a +0 buckler (worn)
 g - a +0 cloak (worn)
 l - a +2 pair of gloves of strength (worn)
 O - a +2 plate armour of cold resistance (worn)
 V - a +1 hat (worn)
Jewellery
 i - a ring of positive energy
 A - a ring of willpower
 F - an amulet of reflection (around neck)
 P - a +4 ring of slaying (left hand)
 T - a +6 ring of dexterity
 U - a +6 ring of dexterity (right hand)
Wands
 b - a wand of mindburst (23)
 c - a wand of iceblast (24)
 m - a wand of flame (4)
 p - a wand of paralysis (8)
 x - a wand of quicksilver (13)
 E - a wand of polymorph (11)
Scrolls
 k - 8 scrolls of teleportation
 o - a scroll of poison
 r - 3 scrolls of summoning
 s - 3 scrolls of fear
 t - 2 scrolls of silence
 u - 3 scrolls of fog
 B - 6 scrolls of magic mapping
 S - 2 scrolls of blinking
Potions
 e - 3 potions of invisibility
 f - 5 potions of flight
 j - 3 potions of haste
 q - 11 potions of curing
 w - a potion of ambrosia {unknown}
 z - 3 potions of heal wounds
 C - a potion of degeneration {unknown}
 K - a potion of mutation {unknown}
 L - a potion of cancellation {unknown}
 M - a potion of resistance
 Q - a potion of might
Miscellaneous
 d - a box of beasts


   Skills:
 + Level 10.6 Fighting
 + Level 14.6 Axes
 + Level 10.5 Armour
 + Level 5.3 Dodging
 + Level 3.7 Stealth
 + Level 3.0 Shields


You had 12 spell levels left.
You didn't know any spells.
Your spell library was empty.

Dungeon Overview and Level Annotations

Branches:
Dungeon (15/15)            Temple (0/1) D:4            Lair (0/5) D:11
    Orc (0/2) D:12         Vaults (0/5) D:13         Depths (0/4) D:15
 Bailey (visited)

Altars:
Cheibriados
Dithmenos
Fedhas
Nemelex Xobeh
Okawaru
Ru
Trog
Vehumet

Shops:
D:3 ?   D:5 *   D:6 ?   D:10 !=   D:14 ?


Innate Abilities, Weirdness & Mutations

You have very sharp fingernails.
Your demonic aura causes all spilled blood to erupt in flames.
You have an unusually large brain. (Int +2)
You are dopey. (Int -2)
Your magical capacity is very low. (-20% MP)


Message History

* * * LOW HITPOINT WARNING * * *
You closely miss the skeletal warrior.
The skeletal warrior is heavily damaged.
You slash the caustic shrike zombie!
The caustic shrike zombie is engulfed in blazing flames.
The caustic shrike zombie claws you but does no damage.
You hit the skeletal warrior but do no damage.
The skeletal warrior is heavily damaged.
You barely miss the caustic shrike zombie.
The caustic shrike zombie is engulfed in blazing flames.
The caustic shrike zombie barely misses you.
The skeletal warrior hits you but does no damage.
You slash the skeletal warrior!
The skeletal warrior is severely damaged.
You slice the caustic shrike zombie!!
The caustic shrike zombie is engulfed in blazing flames.
The caustic shrike zombie claws you but does no damage.
You block the skeletal warrior's attack.
The caustic shrike zombie is engulfed in blazing flames.
The caustic shrike zombie claws you but does no damage.
You slice the skeletal warrior!!
You destroy the skeletal warrior!
Trog accepts your kill.
You barely miss the caustic shrike zombie.
Your Shields skill increases to level 3!
You fracture the fire giant skeleton into splinters!!!
The fire giant skeleton is moderately damaged.
You barely miss the caustic shrike zombie.
The caustic shrike zombie is engulfed in blazing flames.
The caustic shrike zombie claws you but does no damage.
The caustic shrike zombie is engulfed in blazing flames.
You block the caustic shrike zombie's attack.
You slice the fire giant skeleton!!
The fire giant skeleton is heavily damaged.
You hit the caustic shrike zombie.
The fire giant skeleton is engulfed in blazing flames.
The fire giant skeleton hits you but does no damage.
The caustic shrike zombie is engulfed in blazing flames.
The caustic shrike zombie claws you!
You die...

.. #.#...# ##.. ......
..#.#.#...# ##..# ......
....#.#...# #..## ....8.
#...#.#...# #.##
......##.#...#...###.#
.....8.#.#.#.....##..#
.....8.....#..##....####
...8..)....#........(...
....8.)@.[###....#######
>.....ZZ.)).....##
....Z....)#######
......8.### .8......#
........# ....8.#.#
...88#... .... ..


You could see a caustic shrike zombie, a fire giant skeleton and a tengu reaver
skeleton.

Vanquished Creatures
  Frances (D:12)
  An orc warlord (Bailey)
  The ghost of sirJeffrey23 the Thaumaturge, a journeyman DrFE of Ashenzari (D:11)
  4 centaur warriors
  A death knight (D:11)
  Erica (D:9)
  A two-headed ogre (D:11)
  A vampire mage (D:15)
  4 skeletal warriors
  Pikel (D:4)
  2 necromancers
  2 ugly things
  2 deep elf pyromancers (D:13)
  A manticore (D:12)
  Maurice (D:9)
  6 cyclopes
  An efreet (D:15)
  2 tengu conjurers (D:15)
  3 meliai (D:15)
  4 trolls (D:13)
  A troll (shapeshifter) (D:14)
  8 hornets (D:12)
  Prince Ribbit (D:9)
  6 slime creatures (D:13)
  An ettin zombie (D:15)
  A vampire (D:13)
  6 wraiths
  A shadow (D:11)
  19 yaks
  A wyvern (D:7)
  2 neqoxecs (D:11)
  Eustachio (D:4)
  A steam dragon (D:9)
  8 vampire mosquitoes
  4 acid dragons
  A water moccasin (D:7)
  18 orc warriors
  A sky beast (D:7)
  A black bear (shapeshifter) (D:14)
  2 ice beasts (D:6)
  A black bear (D:8)
  5 centaurs
  An ogre (D:6)
  A lemure (D:4)
  5 phantoms
  A bullfrog (D:6)
  9 scorpions
  A necrophage (D:5)
  9 wights
  8 killer bees
  6 howler monkeys
  3 quasits (D:11)
  A jelly (D:4)
  A hound (D:7)
  10 orc priests
  Ijyb (D:3)
  Natasha (D:4)
  10 orc wizards
  6 ogre zombies (D:12)
  A mummy (D:9)
  6 adders
  7 gnolls
  A shadow imp (D:7)
  A white imp (D:6)
  An ufetubus (D:5)
  2 worms (D:2)
  A dart slug (D:3)
  40 orcs
  5 ball pythons
  5 endoplasms
  12 giant cockroaches
  21 goblins
  20 hobgoblins
  14 jackals
  A quokka (D:2)
  5 bats
  7 frilled lizards
  2 goblin skeletons (D:12)
  2 goblin zombies (D:12)
  A hobgoblin skeleton (D:12)
  4 hobgoblin zombies (D:12)
  5 kobolds
  2 orc skeletons (D:12)
  8 orc zombies (D:12)
  4 rats
  2 butterflies (D:12)
384 creatures vanquished.

Vanquished Creatures (others)
  3 plants (D:11)
  11 withered plants (D:15)
14 creatures vanquished.

Grand Total: 398 creatures vanquished

Notes
Turn   | Place    | Note
-------+----------+-------------------------------------------
     0 | D:1      | Sabo the Demonspawn Berserker began the quest for the Orb.
     0 | D:1      | Reached XP level 1. HP: 18/18 MP: 1/1
    68 | D:1      | Gained mutation: Your demonic aura sometimes causes spilled
                  | blood to erupt in flames. [demonic ancestry]
    68 | D:1      | Reached XP level 2. HP: 24/24 MP: 2/2
   248 | D:1      | Reached skill level 3 in Axes
   746 | D:1      | Found a faded altar of an unknown god.
   859 | D:1      | Gained mutation: Your demonic aura often causes spilled
                  | blood to erupt in flames. [demonic ancestry]
   859 | D:1      | Reached XP level 3. HP: 21/29 MP: 3/3
  1509 | D:2      | Reached ** piety under Trog
  1634 | D:2      | HP: 1/30 [adder (2)]
  1640 | D:2      | Reached XP level 4. HP: 37/37 MP: 4/4
  1876 | D:2      | Found a radiant altar of Vehumet.
  2469 | D:3      | Found Qixotat's Magic Scroll Shoppe.
  2563 | D:3      | Noticed Ijyb
  2572 | D:3      | Killed Ijyb
  2767 | D:3      | You fall into a shaft and drop 3 floors!
  2853 | D:6      | Noticed an ice beast
  2854 | D:6      | Noticed a phantom
  2863 | D:6      | Killed an ice beast
  2864 | D:6      | Reached skill level 4 in Axes
  2864 | D:6      | Reached XP level 5. HP: 42/42 MP: 5/5
  2864 | D:6      | Killed a phantom
  2865 | D:6      | Reached skill level 1 in Stealth
  2865 | D:6      | Gained mutation: You have sharp fingernails. [demonic
                  | ancestry]
  2865 | D:6      | Reached XP level 6. HP: 48/48 MP: 6/6
  2976 | D:6      | Found Henwaniy's Magic Scroll Shoppe.
  3107 | D:6      | Reached skill level 5 in Axes
  3232 | D:6      | Gained mutation: You have very sharp fingernails. [demonic
                  | ancestry]
  3232 | D:6      | Reached XP level 7. HP: 28/55 MP: 7/7
  4025 | D:5      | Entered Level 5 of the Dungeon
  4122 | D:4      | Noticed Eustachio
  4133 | D:4      | Killed Eustachio
  4134 | D:4      | Reached skill level 6 in Axes
  4189 | D:4      | Noticed Pikel
  4205 | D:4      | HP: 1/82 [lemure[Pikel] (8)]
  4205 | D:4      | Killed Pikel
  4206 | D:4      | Reached skill level 5 in Fighting
  4206 | D:4      | Reached XP level 8. HP: 1/62 MP: 8/8
  4483 | D:3      | Reached *** piety under Trog
  4518 | D:3      | Found an iron altar of Okawaru.
  5204 | D:4      | Noticed Natasha
  5211 | D:4      | Killed Natasha
  5212 | D:4      | Reached skill level 7 in Axes
  5267 | D:4      | Found a staircase to the Ecumenical Temple.
  5422 | D:4      | Found a sacrificial altar of Ru.
  5595 | D:4      | Found a shadowy altar of Dithmenos.
  5722 | D:5      | Found Weul's Assorted Antiques.
  5735 | D:5      | Bought a pair of glowing gloves for 172 gold pieces
  5938 | D:5      | Found a bloodstained altar of Trog.
  6438 | D:7      | Reached skill level 5 in Armour
  6448 | D:7      | Reached XP level 9. HP: 33/68 MP: 9/9
  7229 | D:7      | Reached skill level 8 in Axes
  7414 | D:8      | Reached **** piety under Trog
  7654 | D:8      | Found a flagged portal.
  7719 | Bailey   | Entered a bailey
  8237 | Bailey   | Reached skill level 9 in Axes
  8353 | Bailey   | Noticed an orc warlord
  8373 | Bailey   | Killed an orc warlord
  8374 | Bailey   | Gained mutation: Your demonic aura causes all spilled blood
                  | to erupt in flames. [demonic ancestry]
  8374 | Bailey   | Reached XP level 10. HP: 35/77 MP: 10/10
  8863 | Bailey   | Reached ***** piety under Trog
  9266 | D:8      | Acquired an amulet of reflection
  9411 | D:8      | Reached skill level 10 in Axes
 10324 | D:9      | Noticed Erica
 10332 | D:9      | Killed Erica
 10333 | D:9      | Reached skill level 5 in Dodging
 10516 | D:9      | Noticed Maurice
 10531 | D:9      | Killed Maurice
 10726 | D:9      | Found a snail-covered altar of Cheibriados.
 10832 | D:9      | Reached skill level 11 in Axes
 10837 | D:9      | Gained mutation: You have an unusually large brain. (Int
                  | +2) [demonic ancestry]
 10837 | D:9      | Reached XP level 11. HP: 81/85 MP: 11/11
 11181 | D:9      | Noticed Prince Ribbit
 11191 | D:9      | Killed Prince Ribbit
 11733 | D:10     | Entered Level 10 of the Dungeon
 12429 | D:10     | Found Wocaemp's Jewellery Shoppe.
 12839 | D:10     | Found Suuwn's Distillery.
 12844 | D:10     | Bought a potion of heal wounds for 70 gold pieces
 12844 | D:10     | Bought a potion of heal wounds for 70 gold pieces
 12844 | D:10     | Bought a potion of heal wounds for 70 gold pieces
 12844 | D:10     | Bought a potion of heal wounds for 70 gold pieces
 13133 | D:11     | Reached skill level 12 in Axes
 13157 | D:11     | Found a blossoming altar of Fedhas.
 13174 | D:11     | Found a transporter.
 13177 | D:11     | Noticed sirJeffrey23's ghost (journeyman DrFE)
 13190 | D:11     | Found a transporter.
 13560 | D:11     | Upgraded the game from 0.30-a0-377-g5cb311bc9f to
                  | 0.30-a0-381-g6ea064c7b4
 13583 | D:11     | Noticed a two-headed ogre
 13586 | D:11     | Found a staircase to the Lair.
 13589 | D:11     | Killed a two-headed ogre
 13590 | D:11     | Reached skill level 1 in Shields
 13909 | D:11     | Noticed a death knight
 13910 | D:11     | Noticed a skeletal warrior
 13911 | D:11     | Noticed a skeletal warrior
 13921 | D:11     | Killed a death knight
 13928 | D:11     | Killed a skeletal warrior
 13930 | D:11     | Killed a skeletal warrior
 14484 | D:11     | Gained mutation: Your magical capacity is low. (-10% MP) [a
                  | neqoxec]
 14492 | D:11     | Killed sirJeffrey23's ghost
 14495 | D:11     | Gained mutation: Your magical capacity is very low. (-20%
                  | MP) [a neqoxec]
 14497 | D:11     | Gained mutation: You are dopey. (Int -2) [a neqoxec]
 14501 | D:11     | Reached XP level 12. HP: 90/94 MP: 9/9
 14662 | D:12     | Found a staircase to the Orcish Mines.
 14673 | D:12     | Reached skill level 13 in Axes
 14829 | D:12     | Noticed Frances
 14838 | D:12     | Killed Frances
 15266 | D:12     | Received a gift from Trog
 15274 | D:12     | Paralysed by a hornet for 3 turns
 15288 | D:12     | HP: 4/95 [poisoned by a hornet]
 15783 | D:12     | Found a runed translucent door.
 15785 | D:12     | Found a runed translucent door.
 16194 | D:13     | Noticed a centaur warrior
 16201 | D:13     | Killed a centaur warrior
 16853 | D:13     | Reached skill level 14 in Axes
 17640 | D:13     | Found a gate to the Vaults.
 17645 | D:13     | Reached skill level 10 in Fighting
 18638 | D:14     | Found Xail's Magic Scroll Boutique.
 18689 | D:14     | Noticed a centaur warrior
 18703 | D:14     | Killed a centaur warrior
 19357 | D:14     | Noticed a centaur warrior
 19361 | D:14     | Killed a centaur warrior
 19362 | D:14     | Reached XP level 13. HP: 103/103 MP: 10/10
 19650 | D:14     | Bought a scroll of identify for 28 gold pieces
 19650 | D:14     | Bought a scroll of identify for 28 gold pieces
 19650 | D:14     | Bought a scroll of identify for 28 gold pieces
 19650 | D:14     | Bought a scroll of identify for 28 gold pieces
 19650 | D:14     | Bought a scroll of identify for 28 gold pieces
 19650 | D:14     | Bought a scroll of identify for 28 gold pieces
 19698 | D:15     | Entered Level 15 of the Dungeon
 19739 | D:15     | Reached skill level 10 in Armour
 20152 | D:15     | Found a sparkling altar of Nemelex Xobeh.
 20451 | D:15     | Found a staircase to the Depths.
 20466 | D:15     | Slain by a caustic shrike zombie

Illustrated notes

Levels and vault maps discovered:
D:1:      psy_arrival_spokes, layout_basic, hellmonk_ecumenical_altar_run_dry,
          minmay_worlds_worst_comb
D:2:      layout_basic, basic_altar, st_stairs_8, minmay_split_cup_small
D:3:      layout_loops_ring, okawaru_metal_pillars_1_2, serial_shops, shop,
          uniq_ijyb
D:4:      layout_loops_cross, nicolae_overflow_squiral,
          lemuel_temple_firewalk_a, uniq_eustachio, uniq_pikel, uniq_natasha
D:5:      layout_loops_ring, bloody_trog, serial_shops, nicolae_shop_trees
D:6:      layout_gridville, serial_shops,
          nicolae_shop_temple_entry_statues_fountains
D:7:      layout_rooms
D:8:      layout_layer_cave, enter_bailey_4
D:9:      layout_stronghold, slow_altar_2, uniq_maurice, uniq_prince_ribbit1,
          uniq_erica
D:10:     layout_roguey, serial_shops, nicolae_shop_competitors_out_of_business,
          nicolae_shop_stone
D:11:     layout_loops_ring, lair_entry_dummy, gammafunk_ghost_stat_death,
          fedhas_ov_isle_minmay
D:12:     lemuel_insect_pit, layout_loops_ring, zombieorc1_lemuel,
          dreamdust_wasp_nest, uniq_frances
D:13:     layout_grid_maze, david_vaults_1
D:14:     layout_long_grid, serial_shops, shop, infiniplex_staircase_zigzag_3
D:15:     gammafunk_depths_entry_grave, layout_basic,
          nemelex_lonely_heart_becter

Skill      XL: |  1  2  3  4  5  6  7  8  9 10 11 12 13 |
---------------+----------------------------------------+-----
Axes           | 3 4 5 6 7 9 11 12 14 | 14.6
Dodging        | 2 3 4 5 |  5.3
Fighting       | 4 5 6 7 8 10 | 10.6
Armour         | 2 4 5 6 7 8 9 10 | 10.5
Stealth        | 1 2 3 |  3.7
Shields        | 1 2 3 |  3.0

Action                   |  1- 3 |  4- 6 |  7- 9 | 10-12 | 13-15 || total
-------------------------+-------+-------+-------+-------+-------++-------
Melee: Hand axe          |   148 |    76 |   236 |     3 |       ||   463
       Punch             |     4 |     1 |     2 |     6 |       ||    13
       Broad axe         |       |       |       |   357 |    58 ||   415
Invok: Berserk           |     1 |     3 |     5 |     6 |     1 ||    16
  Use: Scroll            |     1 |     2 |    12 |    11 |     6 ||    32
       Potion            |     1 |       |     2 |     5 |     3 ||    11
 Stab: Sleeping          |     1 |       |       |       |       ||     1
Armor: Animal skin       |    30 |     8 |       |       |       ||    38
       Ring mail         |       |    15 |    92 |    14 |       ||   121
       Plate armour      |       |       |       |   159 |    54 ||   213
Dodge: Dodged            |   116 |    52 |   125 |   161 |    21 ||   475
Block: Other             |       |       |       |    77 |     4 ||    81
       Reflection        |       |       |       |     7 |     1 ||     8
       Buckler           |       |       |       |       |    29 ||    29

Table legend: (Time is in decaauts)
 A = Elapsed time spent in this place.
 B = Non-inter-level travel time spent in this place.
 C = Inter-level travel time spent in this place.
 D = Time resting spent in this place.
 E = Time spent auto-exploring this place.
 F = Levels seen in this place.
 G = Mean time per level.
                   A        B        C        D        E       F      G
               +--------+--------+--------+--------+--------+-----+--------+
         Total |  20648 |  20648 |      0 |   6189 |      0 |  16 | 1290.5 |
       Dungeon |  19325 |  19325 |      0 |   5488 |      0 |  15 | 1288.3 |
        Bailey |   1323 |   1323 |      0 |    701 |      0 |   1 | 1323.0 |
               +--------+--------+--------+--------+--------+-----+--------+

Top non-repeatable levels by time:
    D:13: 2434 daAuts
     D:9: 1617 daAuts
     D:6: 1562 daAuts
    D:12: 1557 daAuts
     D:8: 1556 daAuts
    D:11: 1525 daAuts
    D:10: 1372 daAuts
  Bailey: 1323 daAuts
     D:2: 1299 daAuts
     D:1: 1124 daAuts
    D:14: 1108 daAuts
     D:4: 1017 daAuts
     D:3: 914 daAuts
     D:7: 876 daAuts
    D:15: 761 daAuts
